 Dungeon Crawl Stone Soup version 0.27-a0-1065-ge809cff456 (webtiles) character file.

Game seed: 15261619294897008584

43 voltaire321 the Ruffian (level 3, 0/32 HPs)
             Began as a Troll Transmuter on Apr 23, 2021.
             Splashed by a jelly's acid (8 damage)
             ... on level 3 of the Dungeon.
             The game lasted 00:04:13 (1523 turns).

voltaire321 the Ruffian (Troll Transmuter)          Turns: 1523, Time: 00:04:14

Health: 0/32       AC: -8    Str: 18    XL:     3   Next: 37%
Magic:  2/4        EV: 10    Int: 10    God:
Gold:   77         SH:  0    Dex: 10    Spells: 2/5 levels left

rFire    . . .     SeeInvis .     - Unarmed
rCold    . . .     Faith    .   (no shield)
rNeg     . . .     Spirit   .   a - +0 robe
rPois    .         Reflect  .   (helmet currently unavailable)
rElec    .         Harm     .   (no cloak)
rCorr    .         Rampage  .   (gloves unavailable)
Will     .....                  (boots unavailable)
Stlth    +.........             (no amulet)
HPRegen  1.10/turn              (no ring)
MPRegen  0.09/turn              (no ring)

@: appendages (expiring), corroded, very slightly contaminated
A: horns 2, talons 2, large, unfitting armour, claws 3, regeneration 1, shaggy
fur 1, tough skin 1
a: End Transformation


You were on level 3 of the Dungeon.
You had temporarily grown beastly horns and talons.
You visited 1 branch of the dungeon, and saw 3 of its levels.

You collected 77 gold pieces.

Inventory:

Armour
 a - a +0 robe (worn)
Scrolls
 b - 4 scrolls of noise {unknown}
 g - a scroll of immolation {unknown}
 h - 2 scrolls of teleportation {unknown}
 i - 3 scrolls of fog {unknown}
Potions
 c - 3 potions of might {unknown}
 d - a potion of ambrosia {unknown}
 e - a potion of attraction {unknown}
 f - a potion of brilliance {unknown}


   Skills:
 + Level 0.9 Fighting
 + Level 1.8 Dodging
 + Level 3.7 Unarmed Combat
 + Level 1.5 Spellcasting
 + Level 1.6 Transmutations


You had 2 spell levels left.
You knew the following spells:

 Your Spells              Type           Power      Damage    Failure   Level
a - Beastly Appendage     Tmut           8%         N/A       17%         1
b - Wereblood             Tmut           4%         N/A       26%         2

Your spell library contained the following spells:

 Spells                   Type           Power      Damage    Failure   Level
 Magic Dart               Conj           0%         1d3       32%         1
 Blink                    Tloc           N/A        N/A       45%         2
 Call Imp                 Summ           0%         N/A       45%         2
 Slow                     Hex            0%         N/A       45%         2
 Spider Form              Tmut/Pois      1%         N/A       56%         3
 Conjure Flame            Conj/Fire      0%         6-21      69%         3
 Mephitic Cloud           Conj/Pois/Air  0%         N/A       69%         3
 Ice Form                 Ice/Tmut       2%         N/A       93%         4
 Hydra Form               Tmut           2%         N/A       99%         5


Dungeon Overview and Level Annotations

Branches:
Dungeon (3/15)

Altars:
Ashenzari

Shops:
D:1 ?


Innate Abilities, Weirdness & Mutations

You have temporarily grown beastly horns and talons.
You are too large for most types of armour.
You have claws for hands.
Your natural rate of healing is unusually fast.
You are covered in fur. (AC +1)
You have tough skin. (AC +1)


Message History

Things that are here:
a +0 dagger; a kobold corpse
b - 4 scrolls labelled VIPPARCH FIOKAN (gained 1)
Your horns disappear.
Your talons disappear.
You now have 77 gold pieces (gained 14).
You open the door.
There is an open door here.
A kobold comes into view. It is wielding a +0 club.
The kobold shouts!
You hear a distant slurping noise.
The door mysteriously vanishes.
A jelly comes into view.
Casting: Beastly Appendage (safe; 17% risk of failure)
Confirm with . or Enter, or press ? or * to list all spells.
You miscast Beastly Appendage.
You are very lightly contaminated with residual magic.
Nothing appears to happen.
The kobold hits you with a +0 club.
You closely miss the kobold. The kobold closely misses you.
Casting: Beastly Appendage (safe; 17% risk of failure)
Confirm with . or Enter, or press ? or * to list all spells.
You grow a pair of large bovine horns.
Your feet morph into talons.
The kobold hits you with a +0 club.
You claw the kobold!
You kill the kobold!
You scratch the jelly.
Your claws burn!
The jelly is lightly wounded.
The jelly closely misses you.
You scratch the jelly. The acid corrodes you!
Your claws burn!
Your headbutt misses the jelly.
The jelly is moderately wounded.
Your transformation is almost over.
The jelly hits you.
You are splashed with acid!
You scratch the jelly. The acid corrodes you!
Your claws burn!
* * * LOW HITPOINT WARNING * * *
You headbutt the jelly, but do no damage.
The jelly is heavily wounded.
The jelly hits you.
* * * LOW HITPOINT WARNING * * *
The acid corrodes you!
You are splashed with acid!
You die...

#######.#
##.@J...#
#.########
##..'....#
####....#
#.......#
#.......#
#.......#
#.......#
###
##.....##
...


You could see a jelly.

Vanquished Creatures
  A dart slug (D:2)
  3 bats
  4 endoplasms
  A giant cockroach (D:2)
  3 goblins (D:1)
  3 hobgoblins
  2 jackals (D:2)
  10 kobolds
  2 quokkas (D:1)
  4 ball pythons
  2 frilled lizards (D:1)
  3 rats (D:1)
38 creatures vanquished.

Notes
Turn   | Place    | Note
-------+----------+-------------------------------------------
     0 | D:1      | voltaire321 the Troll Transmuter began the quest for the
                  | Orb.
     0 | D:1      | Reached XP level 1. HP: 18/18 MP: 1/1
     9 | D:1      | Found a faded altar of an unknown god.
   159 | D:1      | Found Seop's Magic Scroll Boutique.
   164 | D:1      | Reached XP level 2. HP: 26/26 MP: 0/3
   276 | D:1      | Learned a level 2 spell: Wereblood
   552 | D:2      | Found a broken altar of Ashenzari.
  1028 | D:2      | Reached XP level 3. HP: 32/32 MP: 4/4
  1523 | D:3      | Splashed by a jelly's acid

Illustrated notes

Levels and vault maps discovered:
D:1:      scummos_arrival_forest, layout_rooms,
          ebering_ecumenical_altar_abandoned, serial_shops, shop_scrolls,
          kennysheep_flooded_box, grunt_decor_mini_mirrors
D:2:      layout_loops_corners, basic_altar
D:3:      cheibrodos_fertilizer, layout_loops_ring, nrook_loot_triangle

Action                   || total
-------------------------++-------
Melee: Unarmed           ||    71
       Headbutt          ||     6
       Kick              ||     4
       Punch             ||     1
 Cast: Beastly Appendage ||    17
Armor: Robe              ||    19
Dodge: Dodged            ||    37

Table legend: (Time is in decaauts)
 A = Elapsed time spent in this place.
 B = Non-inter-level travel time spent in this place.
 C = Inter-level travel time spent in this place.
 D = Time resting spent in this place.
 E = Time spent auto-exploring this place.
 F = Levels seen in this place.
 G = Mean time per level.
                   A        B        C        D        E       F      G
               +--------+--------+--------+--------+--------+-----+--------+
         Total |   1518 |   1434 |     84 |      0 |   1131 |   3 |  506.0 |
       Dungeon |   1518 |   1434 |     84 |      0 |   1131 |   3 |  506.0 |
               +--------+--------+--------+--------+--------+-----+--------+

Top non-repeatable levels by time:
     D:2: 814 daAuts
     D:1: 547 daAuts
     D:3: 156 daAuts
